 Dungeon Crawl Stone Soup version 0.31.0-9-g3a7656b989 (webtiles) character file.

Game seed: 12600676324692349741

25 qw the Shooter (level 2, -3/14 HPs)
             Began as a Spriggan Hunter on Feb 2, 2024.
             Frozen to death by an endoplasm (5 damage)
             ... on level 1 of the Dungeon.
             The game lasted 00:00:01 (508 turns).

qw the Shooter (Spriggan Hunter)                     Turns: 508, Time: 00:00:01

Health: -3/14      AC:  2    Str:  7    XL:     2   Next: 82%
Magic:  3/3        EV: 19    Int: 10    God:
Gold:   38         SH:  0    Dex: 18    Spells: 1/1 levels left

rFire   . . .        a - +0 shortbow
rCold   . . .        (shield currently unavailable)
rNeg    . . .        c - +0 robe
rPois   .            (helmet restricted)
rElec   .            (no cloak)
rCorr   .            (gloves unavailable)
SInv    +            (boots unavailable)
Will    .....        (no amulet)
Stlth   ++           (no ring)
HPRegen 0.22/turn    (no ring)
MPRegen 0.08/turn

%: no passive effects
@: very quick
A: very small, no large weapons, unfitting armour, see invisible, speed 3
a: no special abilities


You were on level 1 of the Dungeon.
You visited 1 branch of the dungeon, and saw 1 of its levels.

You collected 38 gold pieces.


Innate Abilities, Weirdness & Mutations

You are very small and have problems with some larger weapons.
You are too small for most types of armour.
You have supernaturally acute eyesight. (SInv)
You cover ground extremely quickly. (Speed+++)


   Skills:
 - Level 1.5 Fighting
 + Level 4.3 Ranged Weapons
 - Level 4.0 Dodging
 - Level 1.5 Stealth


You had one spell level left.
You didn't know any spells.
Your spell library was empty.

Inventory:

Hand Weapons
 a - a +0 shortbow (weapon)
Armour
 c - a +0 robe (worn)
Scrolls
 b - a scroll of butterflies
 e - a scroll of identify {unknown}
 f - a scroll of teleportation {unknown}
 g - a scroll of fog {unknown}
 i - a scroll of enchant armour {unknown}
Potions
 d - a potion of heal wounds {unknown}
 h - a potion of might {unknown}

Dungeon Overview and Level Annotations

Branches:
Dungeon (1/15)

Altars:


Message History

You shoot an arrow. The arrow hits the hobgoblin.
The hobgoblin shouts!
The hobgoblin is severely wounded.
You hear a shout!
You shoot an arrow. The arrow closely misses the hobgoblin.
You shoot an arrow. The arrow hits the hobgoblin!
You kill the hobgoblin!
A hobgoblin comes into view.
Found an emerald potion.
You shoot an arrow. The arrow closely misses the hobgoblin.
An endoplasm comes into view.
You shoot an arrow. The arrow closely misses the hobgoblin.
The hobgoblin hits you.
You shoot an arrow.
The arrow completely misses the hobgoblin.
The hobgoblin misses you. x2
You shoot an arrow.
The arrow hits the hobgoblin but does no damage.
An endoplasm comes into view.
The hobgoblin hits you.
You shoot an arrow.
The arrow hits the hobgoblin but does no damage.
The hobgoblin hits you.
You shoot an arrow. The arrow hits the endoplasm.
The endoplasm is lightly wounded.
The endoplasm hits you. The hobgoblin completely misses you.
You shoot an arrow. The arrow hits the endoplasm.
The endoplasm is heavily wounded.
The endoplasm misses you. The hobgoblin barely misses you.
You shoot an arrow. The arrow hits the endoplasm.
You kill the endoplasm!
The hobgoblin completely misses you. The hobgoblin barely misses you.
The endoplasm closely misses you.
You shoot an arrow. The arrow closely misses the hobgoblin.
The endoplasm hits you. The hobgoblin misses you.
You shoot an arrow. The arrow hits the hobgoblin.
The hobgoblin is moderately wounded.
The endoplasm freezes you.
You are frozen.
You die...

### $. ##. ..#
# .. #
#..##%#####...
#
#....gJ....!..
# ####@######..
## #
#....#....#..
..# ##
#.##.#.##:#.#
#.####.
###.####.##.#.#
#.##...
#...#.%%.##.#.#
#.#..##
#.###.#####.#.#
#...### #|#...#
#.#.###..##
#.#.###
#.#.##...##
#.#.#
#.#.......#


You could see an endoplasm and a hobgoblin.

Vanquished Creatures
  3 dart slugs (D:1)
  2 endoplasms (D:1)
  A goblin (D:1)
  3 hobgoblins (D:1)
  3 ball pythons (D:1)
  A bat (D:1)
  A frilled lizard (D:1)
  2 kobolds (D:1)
  3 rats (D:1)
19 creatures vanquished.

Notes
Turn   | Place    | Note
-------+----------+-------------------------------------------
     0 | D:1      | qw the Spriggan Hunter began the quest for the Orb.
     0 | D:1      | Reached XP level 1. HP: 10/10 MP: 2/2
     0 | D:1      | 0 ||| qw: Version: 0.3-a-155-g5e7d8dd
     0 | D:1      | 0 ||| qw: Game counter: 1436
     0 | D:1      | 0 ||| qw: Melee chars always use a shield: true
     0 | D:1      | 0 ||| qw: God list: Okawaru
     0 | D:1      | 0 ||| qw: Allow faded altars: false
     0 | D:1      | 0 ||| qw: Do Orc after clearing Dungeon:15 true
     0 | D:1      | 0 ||| qw: Do second Lair branch before Depths: true
     0 | D:1      | 0 ||| qw: Lair rune preference: random
     0 | D:1      | 0 ||| qw: Goals: Normal
     0 | D:1      | 0 ||| PLANNING D:1-11
    33 | D:1      | Reached skill level 3 in Dodging
   117 | D:1      | Reached XP level 2. HP: 14/14 MP: 3/3
   504 | D:1      | HP: 3/14 [endoplasm (2)]
   508 | D:1      | Frozen to death by an endoplasm

Levels and vault maps discovered:
D:1:      sevenhm_arrival_forest_fort_small_3, layout_basic,
          chequers_serial_rivers_small_a

Skill      XL: |  1  2 |
---------------+-------+-----
Dodging        | 3 4 |  4.0
Fighting       | |  1.5
Ranged Weapons | |  4.3
Stealth        | |  1.5

Action                     || total
---------------------------++-------
   Fire: Shortbow          ||    57
 Armour: Robe              ||     9
  Dodge: Dodged            ||    15

Table legend:
 A = Non-vault XP
 B = Vault XP
 C = Vault XP percentage of total XP
 D = Non-vault monster count
 E = Vault monster count
 F = Vault count percentage of total count
                 A         B        C        D         E       F
            +---------+---------+-------+---------+---------+-------
      Total |      36 |       0 |   0.0 |      19 |       0 |   0.0
            +---------+---------+-------+---------+---------+-------
        D:1 |      36 |       0 |   0.0 |      19 |       0 |   0.0
            +---------+---------+-------+---------+---------+-------
